 Dungeon Crawl Stone Soup version 0.24-a0-619-gb7544fd (webtiles) character file.

Game seed: 8623789300028057261, levelgen mode: deterministic

199 DrKleor the Slasher (level 5, -1/34 HPs)
             Began as an Octopode Gladiator on Sept 16, 2019.
             Slain by Grinder (6 damage)
             ... while paralysed by Grinder
             ... on level 3 of the Dungeon.
             The game lasted 00:05:03 (3672 turns).

DrKleor the Slasher (Octopode Gladiator)            Turns: 3672, Time: 00:05:03

Health: -1/34      AC:  1    Str: 13    XL:     5   Next: 77%
Magic:  5/5        EV:  2    Int: 10    God:
Gold:   129        SH:  0    Dex: 15    Spells: 4/4 levels left

rFire    . . .     SeeInvis .   a - +0 long sword
rCold    . . .     Gourm    .   (no shield)
rNeg     . . .     Faith    .   b - +0 hat
rPois    +         Spirit   .   n - amulet of magic regeneration
rElec    .         Reflect  .   l - ring of poison resistance
rCorr    .         Harm     .   (no ring)
MR       .....                  (no ring)
Stlth    ++........             (no ring)
HPRegen  0.11/turn              (no ring)
MPRegen  0.34/turn              (no ring)
                                (no ring)
                                (no ring)

@: paralysed
A: almost no armour, stealthy swim, amphibious, 8 rings, constrict 8, camouflage
1, gelatinous body 1
a: no special abilities


You were on level 3 of the Dungeon.
You were not hungry.

You visited 1 branch of the dungeon, and saw 3 of its levels.

You collected 129 gold pieces.

Inventory:

Hand Weapons
 a - a +0 long sword (weapon)
Missiles
 c - 3 throwing nets (quivered)
 q - 7 poisoned darts
Armour
 b - a +0 hat (worn)
Jewellery
 l - a ring of poison resistance (left tentacle)
 n - an amulet of magic regeneration (around mantle)
Wands
 r - a wand of flame (7)
Scrolls
 g - a scroll of teleportation {unknown}
 i - 3 scrolls of identify {unknown}
 m - a scroll of amnesia {unknown}
 s - a scroll of enchant armour {unknown}
 t - a scroll of remove curse {unknown}
Potions
 e - 2 potions of brilliance {unknown}
 f - a potion of experience {unknown}
 h - 2 potions of heal wounds {unknown}
 j - 3 potions of curing {unknown}
 k - a potion of agility {unknown}
 o - a potion of berserk rage {unknown}
 p - a potion of lignification {unknown}
 v - a potion of mutation {unknown}
Comestibles
 d - 4 rations


   Skills:
 - Level 2.0 Fighting
 + Level 4.9 Long Blades
 + Level 4.3 Throwing
 - Level 3.0 Dodging


You had 4 spell levels left.
You didn't know any spells.
Your spell library was empty.

Dungeon Overview and Level Annotations

Branches:
Dungeon (3/15)

Altars:
Vehumet

Annotations:
D:3 Grinder


Innate Abilities, Weirdness & Mutations

You cannot wear most types of armour.
You are very stealthy in the water. (Stealth+)
You are amphibious.
You can wear up to eight rings at the same time.
You can use your tentacles to constrict eight enemies at once.
Your skin changes colour to match your surroundings (Stealth+).
Your rubbery body absorbs attacks. (AC +1, EV +1)


Message History

You slash Grinder! You squeeze Grinder.
Grinder is severely wounded.
Grinder blinks free!
Grinder closely misses you.
You riposte.
You barely miss Grinder. Your grab misses Grinder.
Grinder is severely wounded.
Grinder hits you.
You writhe in agony.
You closely miss Grinder. Your grab misses Grinder.
Grinder is severely wounded.
Grinder barely misses you.
You hit Grinder but do no damage. Your grab misses Grinder.
Grinder is severely wounded.
Grinder gestures at you.
You suddenly lose the ability to move!
Grinder gestures at you.
You barely resist. Grinder hits you!
* * * LOW HITPOINT WARNING * * *
You writhe in agony.
You die...

#.....#.#>#
#............
#.......#.#
#............
##.....###.#
####.........
#......# #.#
########## #..###.#
#†# #..#<#.# #.#
#..#.#.###.######
#....#..........+
#.########@######...
#.........5.........
###
##########.#########
####.. #.## ####.#.#.
#..# ####.#..#...
##.####.#.(.#...#.
#.......†#...#...
#.####.#†..#...#.
#####....####.#..#...


You could see Grinder.

Vanquished Creatures
  Natasha (thrice) (D:2)
  Terence (D:2)
  5 adders
  An ooze (D:2)
  2 worms (D:2)
  2 dart slugs
  3 orcs
  7 bats
  5 giant cockroaches
  9 goblins
  9 hobgoblins
  5 frilled lizards
  3 kobolds
  8 rats
63 creatures vanquished.

Vanquished Creatures (others)
  A ball python (D:2)
1 creature vanquished.

Grand Total: 64 creatures vanquished

Notes
Turn   | Place    | Note
-------+----------+-------------------------------------------
     0 | D:1      | DrKleor the Octopode Gladiator began the quest for the Orb.
     0 | D:1      | Reached XP level 1. HP: 14/14 MP: 1/1
   205 | D:1      | You fall into a shaft and drop 1 floor!
   234 | D:2      | Reached XP level 2. HP: 8/19 MP: 2/2
   573 | D:2      | Reached XP level 3. HP: 24/24 MP: 3/3
   702 | D:2      | Noticed Terence
   710 | D:2      | Killed Terence
   710 | D:2      | Reached XP level 4. HP: 24/29 MP: 4/4
  1685 | D:2      | Noticed Natasha
  1692 | D:2      | Killed Natasha
  1692 | D:2      | Reached XP level 5. HP: 21/34 MP: 5/5
  1819 | D:2      | Found a faded altar of an unknown god.
  2000 | D:2      | Found a radiant altar of Vehumet.
  2273 | D:2      | Noticed Natasha
  2276 | D:2      | Killed Natasha
  2434 | D:2      | Found a radiant altar of Vehumet.
  2885 | D:2      | Found a faded altar of an unknown god.
  2932 | D:2      | Noticed Natasha
  2942 | D:2      | Killed Natasha
  3593 | D:3      | Noticed Grinder
  3661 | D:3      | Paralysed by Grinder for 7 turns
  3671 | D:3      | Paralysed by Grinder for 4 turns
  3672 | D:3      | Slain by Grinder

Levels and vault maps discovered:
D:1:      minmay_arrival_widening_spiral_narrow, layout_basic,
          minmay_misc_feat_square
D:2:      layout_loops_cross, fiery_altar_vehumet,
          chequers_ecumenical_altar_lobes, serial_bayou_pond_a,
          roderic_lattice_a, uniq_natasha, uniq_terence
D:3:      minmay_spotlight, layout_basic, first_ration, uniq_grinder

Skill      XL: |  1  2  3  4  5 |
---------------+----------------+-----
Throwing       | 3 4 |  4.3
Long Blades    | 4 |  4.9
Fighting       | |  2.0
Dodging        | |  3.0

Action                   |  1- 3 |  4- 6 || total
-------------------------+-------+-------++-------
Melee: Long sword        |    26 |    81 ||   107
       Constrict         |     8 |    27 ||    35
       Tentacles         |     5 |    23 ||    28
 Stab: Sleeping          |     1 |    14 ||    15
  Eat: Chunk             |       |     5 ||     5
       Ration            |       |     1 ||     1
Armor: Skin              |     3 |     6 ||     9
Dodge: Dodged            |    17 |    59 ||    76
       Rpst.: Long sword |     5 |    21 ||    26

Table legend:
 A = Non-vault XP
 B = Vault XP
 C = Vault XP percentage of total XP
 D = Non-vault monster count
 E = Vault monster count
 F = Vault count percentage of total count
                 A         B        C        D         E       F
            +---------+---------+-------+---------+---------+-------
      Total |     210 |      75 |  26.3 |      59 |       4 |   6.3
            +---------+---------+-------+---------+---------+-------
        D:1 |      32 |       0 |   0.0 |      19 |       0 |   0.0
        D:2 |     133 |      72 |  35.1 |      29 |       2 |   6.5
        D:3 |      45 |       3 |   6.2 |      11 |       2 |  15.4
            +---------+---------+-------+---------+---------+-------
